Cogmind - Beta 11 X11 @@@ ROGUE MODE // 2022.03.13 @ 17:01:13 Player: rusmal Result: Destroyed by B-99 Colossus with Linear Accelerator Performance ------------- Evolutions (9) 4500 Regions Visited (14) 2800 Robots Destroyed (98) 490 Value Destroyed (3275) 3275 Prototype IDs (22) 440 Alien Tech Used (0) 0 Bonus (929) 929 TOTAL SCORE: 12434 Bonus ------- High Alert Combat Kills 89 Follower Combat Kills 40 Entered DSFs 500 Aligned with FarCom 300 Cogmind --------- Core Integrity 0/1600 Matter 105/300 Energy 100/100 System Corruption 13% Temperature Cool (0) Movement Core (50) Location -1/Command Parts ------- > --- POWER (2) -------- (None) > --- PROPULSION (8) --- Biometal Heavy Treads > --- UTILITY (12) ----- Hacking Suite > --- WEAPON (3) ------- (None) > --- INVENTORY (5) ---- Light Fission Core Light Quantum Reactor Force Lance Peak State ------------ > --- POWER ------------ Light Antimatter Reactor Micro Antimatter Reactor > --- PROPULSION ------- Improved VTOL Module Xenon Bombardment Thruster Cooled Cesium-ion Thruster Field Propulsion Drive Impulse Thruster Q-thruster Impulse Thruster Array > --- UTILITY ---------- Small Storage Unit Gravity Neutralizer Enhanced Optical Array Advanced Signal Interpreter Advanced Terrain Scanner Advanced Terrain Scan Processor Improved Focal Shield Antimissile System Hacking Suite Improved Hacking Suite Improved System Shield Improved System Shield > --- WEAPON ----------- Greatsword Force Lance > --- INVENTORY -------- Light Fission Core Light Fission Core Biometal Heavy Treads Authchip [Propulsion] Authchip [Propulsion] Enhanced Nova Cannon Force Lance [Rating: 144] Favorites ----------- Power Ion Engine Engine Ion Engine Power Core Light Fission Core Reactor Light Antimatter Reactor Propulsion Potential Leg Treads Light Treads Leg Potential Leg Flight Unit Improved VTOL Module Utility Large Storage Unit Device Advanced Heat Sink Storage Large Storage Unit Processor Enhanced Optical Array Hackware Hacking Suite Protection Medium Armor Plating Weapon Light Assault Rifle Energy Gun Spread Laser Energy Cannon Enhanced Nova Cannon Ballistic Gun Light Assault Rifle Launcher Rocket Launcher Slashing Weapon Chainsword Piercing Weapon Force Lance Build | -11 -10 -10 -10 -9 -8 -7 -6 -5 -4 -4 -3 -2 -1 -1 ------- Run | Scr Mat Min Exi Min Mat Fac Fac Fac Fac DSF Res Res Acc Com Slots Evolved 18 | . . . . . 4 2 2 2 2 . 2 2 2 . Power 1 | . . . . . . . . . 1 . . . . . Propulsion 6 | . . . . . 1 1 . 1 1 . . 1 1 . Utility 10 | . . . . . 3 1 2 1 . . 1 1 1 . Weapon 1 | . . . . . . . . . . . 1 . . . Parts Attached 169 | 6 15 1 3 2 52 14 16 10 2 8 12 2 20 6 Power 16 | 1 1 . . . 3 1 1 1 . 2 2 . 3 1 Engine 5 | 1 1 . . . 3 . . . . . . . . . Core 7 | . . . . . . 1 1 1 . 2 1 . 1 . Reactor 4 | . . . . . . . . . . . 1 . 2 1 Propulsion 48 | 2 3 . 2 . 8 5 4 4 . 3 3 . 10 4 Treads 14 | 2 3 . . . 1 . . . . . . . 4 4 Leg 13 | . . . 2 . 7 2 . . . . . . 2 . Wheel . | . . . . . . . . . . . . . . . Hover . | . . . . . . . . . . . . . . . Flight 21 | . . . . . . 3 4 4 . 3 3 . 4 . Utility 58 | 1 6 . 1 . 17 5 7 5 2 1 4 2 6 1 Device 20 | . . . . . 4 . 4 4 1 . 2 2 3 . Storage 10 | 1 5 . 1 . 1 1 . . . . 1 . . . Processor 4 | . . . . . 1 . 1 . 1 . 1 . . . Hackware 13 | . . . . . 1 4 2 1 . 1 . . 3 1 Protection 11 | . 1 . . . 10 . . . . . . . . . Artifact . | . . . . . . . . . . . . . . . Weapon 47 | 2 5 1 . 2 24 3 4 . . 2 3 . 1 . Energy Gun 12 | 1 2 . . 1 7 . 1 . . . . . . . Energy Cannon 1 | . . . . . . . . . . . . . 1 . Ballistic Gun 17 | 1 2 1 . . 13 . . . . . . . . . Ballistic Cannon . | . . . . . . . . . . . . . . . Launcher 9 | . 1 . . 1 4 1 2 . . . . . . . Special Weapon . | . . . . . . . . . . . . . . . Impact Weapon . | . . . . . . . . . . . . . . . Slashing Weapon 5 | . . . . . . 2 1 . . 2 . . . . Piercing Weapon 3 | . . . . . . . . . . . 3 . . . Special Melee Weapon . | . . . . . . . . . . . . . . . Unidentified Prototypes 8 | . . . 1 . 4 . 3 . . . . . . . Parts Lost 34 | . . . . . 10 . . 6 . 3 1 . 10 4 Power 2 | . . . . . 1 . . 1 . . . . . . Propulsion 13 | . . . . . . . . 2 . 1 . . 6 4 Utility 14 | . . . . . 6 . . 3 . 1 1 . 3 . Weapon 5 | . . . . . 3 . . . . 1 . . 1 . Highest Loss Streak 8 | . . . . . 2 . . 4 . 3 1 . 8 4 To Critical Strikes 1 | . . . . . . . . . . . . . . 1 Average Slot Usage (%) 90 | . 99 100 99 100 92 86 93 96 84 82 86 91 79 18 Engine 8 | . 14 14 14 14 8 1 . . . . . . . . Core 1 | . . . . . . 5 6 5 5 7 7 4 2 . Treads 8 | . 28 28 17 . . . . . . . . . 1 15 Leg 11 | . . . 10 28 26 7 . . . . . . 3 . Flight 5 | . . . . . . 21 25 29 26 26 23 26 18 . Device 5 | . . . . . 8 7 6 6 5 5 8 13 12 . Storage 11 | . 21 14 14 14 9 8 6 5 5 5 6 8 5 . Processor 3 | . . . . . 3 . 5 5 10 10 11 13 10 . Hackware 6 | . . . . . 1 22 31 29 21 22 16 13 14 2 Protection 8 | . 5 14 14 14 15 1 . . . . . . . . Energy Gun 5 | . 13 . . 2 5 1 1 5 5 1 . . . . Ballistic Gun 9 | . 14 14 14 14 11 1 . . . . . . . . Launcher 2 | . . 14 14 11 . . . . . . . . . . Slashing Weapon 1 | . . . . . . 5 5 5 5 3 4 4 3 . Naked Turns 13 | . . . . . . . . . . . . . 13 . Heaviest Build 68 | 13 39 37 37 37 68 42 21 22 20 25 37 42 43 . Greatest Support 78 | 40 40 40 60 60 78 15 22 28 28 30 50 50 67 3 Greatest Overweight (x) 13 | . . . 1 . 1 13 . . . . 1 . . . Average Overweight (x) . | . . . . . . . . . . . . . . . Largest Inventory Capacity 15 | 8 15 15 15 15 15 15 8 8 8 8 8 8 8 5 Average Capacity 12 | 6 12 15 15 15 15 9 8 8 8 8 8 8 7 5 Most Carried 15 | 6 15 15 15 15 15 15 8 8 8 8 8 7 8 5 Average Carried 11 | 3 11 14 15 15 14 8 7 6 7 7 6 6 7 4 Final Capacity 15 | 8 15 15 15 15 15 8 8 8 8 8 8 8 5 5 Final Carried 15 | 6 15 15 15 15 15 8 8 8 8 7 8 7 4 3 Class Distribution -------------------- 45% | Mutant 31% | Scavenger-Mutant 11% | Hacker-Sprinter 6% | Hacker-Scout Dominant Class ---------------- Mutant | -10/Materials Mutant | -10/Mines Mutant | -10/Exiles Mutant | -9/Mines Scavenger-Mutant | -8/Materials Hacker-Mutant | -7/Factory Hacker-Sprinter | -6/Factory Hacker-Sprinter | -5/Factory Hacker-Sprinter | -4/Factory Hacker-Sprinter | -4/DSF Hacker-Scout | -3/Research Hacker-Sprinter | -2/Research Hacker-Scout | -1/Access Mutant | -1/Command Resources | -11 -10 -10 -10 -9 -8 -7 -6 -5 -4 -4 -3 -2 -1 -1 ----------- Run | Scr Mat Min Exi Min Mat Fac Fac Fac Fac DSF Res Res Acc Com Matter Collected 2696 | 226 265 30 30 25 1442 . 258 . . 21 187 . 205 7 Remotely . | . . . . . . . . . . . . . . . Salvage Created 4177 | . 554 . . 170 2610 . 469 . . . 187 . 187 . Parts 242 | . 34 . . 8 163 . 23 . . . 5 . 9 . Haulers Intercepted 9 | . 2 . . . 4 . 2 . . . . . 1 . Recyclers Shooed 7 | . 1 . . 1 1 . 3 . . . 1 . . . Parts Field Recycled . | . . . . . . . . . . . . . . . Retrieved Matter . | . . . . . . . . . . . . . . . Parts Self-Destructed . | . . . . . . . . . . . . . . . Prevented . | . . . . . . . . . . . . . . . Kills | -11 -10 -10 -10 -9 -8 -7 -6 -5 -4 -4 -3 -2 -1 -1 ------- Run | Scr Mat Min Exi Min Mat Fac Fac Fac Fac DSF Res Res Acc Com Combat Hostiles Destroyed 75 | . 14 . . 6 48 . 7 . . . . . . . Melee 1 | . . . . . . . 1 . . . . . . . Guns 54 | . 14 . . 1 39 . . . . . . . . . AOE 19 | . . . . 5 8 . 6 . . . . . . . Classes Destroyed 16 | . 5 . . 1 9 . 1 . . . . . . . Worker 2 | . . . . . 2 . . . . . . . . . Builder 2 | . . . . . 2 . . . . . . . . . Tunneler 3 | . 1 . . . 1 . 1 . . . . . . . Hauler 9 | . 2 . . . 4 . 2 . . . . . 1 . Recycler 2 | . . . . . 1 . . . . . 1 . . . Operator 5 | . 1 . . . 1 . 1 . . . . . 2 . Watcher 3 | . . . . . 2 . . . . . 1 . . . Swarmer 15 | . 3 . . . 6 . 6 . . . . . . . Grunt 41 | . 11 . . 5 25 . . . . . . . . . Brawler 2 | . . . . 1 1 . . . . . . . . . Duelist 1 | . . . . . 1 . . . . . . . . . Sentry 7 | . . . . . 7 . . . . . . . . . Specialist 6 | . . . . . 6 . . . . . . . . . Hunter 1 | . . . . . 1 . . . . . . . . . Programmer 1 | . . . . . . . 1 . . . . . . . Heavy 1 | . . . . . 1 . . . . . . . . . Best Kill Streak 7 | . 3 . . 3 7 . 4 . . . 1 . 2 . Combat Bots Only 4 | . 3 . . 3 4 . 3 . . . . . . . Max Kills in Single Turn 3 | . 1 . . 2 3 . 2 . . . 1 . 1 . Gunslinging . | . . . . . . . . . . . . . . . Exploded 3 | . . . . 2 3 . 2 . . . . . . . Melee 1 | . . . . . . . 1 . . . . . . . Uniques/NPCs Destroyed . | . . . . . . . . . . . . . . . Combat | -11 -10 -10 -10 -9 -8 -7 -6 -5 -4 -4 -3 -2 -1 -1 -------- Run | Scr Mat Min Exi Min Mat Fac Fac Fac Fac DSF Res Res Acc Com Damage Taken 11324 | . 546 . . 94 3177 32 196 343 . 410 80 . 2716 3730 Core 2291 | . 77 . . 17 470 . 47 . . 65 . . 872 743 Absorbed by Shields 299 | . . . . . . . . . . . . . . 299 Regen/Repaired (Parts) 437 | . . . . . 396 . . 13 . . . . 28 . Core Remaining (%) 84 | 100 . . . 62 14 100 94 100 . 94 100 100 . . Volleys Fired 226 | . 53 . . 11 152 . 8 . . . . . 2 . Largest 2 | . 2 . . 2 2 . 1 . . . . . 1 . Hottest 120 | . 85 . . 85 103 . 36 . . . . . 120 . Shots Fired 416 | . 105 . . 15 286 . 8 . . . . . 2 . Gun 388 | . 105 . . 8 275 . . . . . . . . . Cannon 2 | . . . . . . . . . . . . . 2 . Launcher 26 | . . . . 7 11 . 8 . . . . . . . Special . | . . . . . . . . . . . . . . . Kinetic 237 | . 53 . . 4 180 . . . . . . . . . Thermal 153 | . 52 . . 4 95 . . . . . . . 2 . Explosive 9 | . . . . 7 2 . . . . . . . . . Electromagnetic 17 | . . . . . 9 . 8 . . . . . . . Robot Hit Streak 14 | . 12 . . 10 14 . 5 . . . . . 1 . Robot Miss Streak 7 | . 7 . . 1 7 . . . . . . . 1 . Penetration Max 1 | . . . . . 1 . . . . . . . . . Secondary Targets 4 | . 1 . . . 3 . . . . . . . . . Max Gunslinging Chain 1 | . 1 . . . 1 . . . . . . . . . Shots Hit Robots 322 | . 75 . . 10 216 . 11 . . . 4 . 6 . Core Hits 228 | . 58 . . 14 134 . 15 . . . 2 . 2 3 Critical Kills 3 | . . . . . 3 . . . . . . . . . Critical Parts Destroyed 1 | . . . . . 1 . . . . . . . . . Critical Strikes 10 | . 1 . . . 6 . 2 . . . . . 1 . Burn 3 | . 1 . . . 2 . . . . . . . . . Destroy 4 | . . . . . 4 . . . . . . . . . Sever 2 | . . . . . . . 2 . . . . . . . Impale 1 | . . . . . . . . . . . . . 1 . Melee Attacks 104 | . . . . . . 1 47 17 . . 7 1 31 . Impact . | . . . . . . . . . . . . . . . Slashing 85 | . . . . . . 1 47 17 . . 2 . 18 . Piercing 19 | . . . . . . . . . . . 5 1 13 . Sneak Attacks 6 | . . . . . . . 2 . . . 2 . 2 . Combat Hostiles . | . . . . . . . . . . . . . . . Follow-up Attacks 1 | . . . . . . . . . . . 1 . . . Damage Inflicted 8012 | . 829 . . 540 4709 . 893 . . . 393 . 605 43 Guns 4899 | . 829 . . 69 4001 . . . . . . . . . Cannons 43 | . . . . . . . . . . . . . 43 . Explosions 1529 | . . . . 471 708 . 350 . . . . . . . Melee 1498 | . . . . . . . 543 . . . 393 . 562 . Ramming 43 | . . . . . . . . . . . . . . 43 Kinetic 2755 | . 209 . . 23 2523 . . . . . . . . . Thermal 2282 | . 620 . . 46 1573 . . . . . . . 43 . Explosive 661 | . . . . 471 190 . . . . . . . . . Electromagnetic 773 | . . . . . 423 . 350 . . . . . . . Impact . | . . . . . . . . . . . . . . . Slashing 1247 | . . . . . . . 543 . . . 240 . 464 . Piercing 251 | . . . . . . . . . . . 153 . 98 . Highest Corruption 12 | . . . . . 9 . 2 . . 4 . . 2 12 Average Corruption 7 | . . . . . 9 . 1 . . 4 . . 2 3 Corruption Purged . | . . . . . . . . . . . . . . . Corruption Blocked . | . . . . . . . . . . . . . . . Effects 104 | . . . . . 88 . . . . 1 . . 8 7 Message Errors 17 | . . . . . 16 . . . . . . . 1 . Matter Fused 28 | . . . . . 25 . . . . . . . 2 1 Heat Flow Errors 13 | . . . . . 10 . . . . . . . . 3 Energy Discharges 14 | . . . . . 10 . . . . . . . 3 1 Parts Rejected 3 | . . . . . 2 . . . . 1 . . . . Data Loss (minor) 10 | . . . . . 8 . . . . . . . 1 1 Data Loss (major) 6 | . . . . . 4 . . . . . . . 1 1 Misfires 4 | . . . . . 4 . . . . . . . . . Alerts 3 | . . . . . 3 . . . . . . . . . Weapon Failures 6 | . . . . . 6 . . . . . . . . . Overload Shots . | . . . . . . . . . . . . . . . Overflow Damage 262 | . . . . . 2 . 8 . . . 70 . 182 . Projectiles . | . . . . . . . . . . . . . . . Explosions 2 | . . . . . 2 . . . . . . . . . Melee 260 | . . . . . . . 8 . . . 70 . 182 . Knockbacks . | . . . . . . . . . . . . . . . Impact . | . . . . . . . . . . . . . . . Kinetic . | . . . . . . . . . . . . . . . Secondary . | . . . . . . . . . . . . . . . Self-Inflicted Damage 39 | . . . . . . . 20 . . . . . . 19 Shots 2 | . . . . . . . 2 . . . . . . . Rammed 10 | . . . . . . . . . . . . . . 10 Targets Rammed 10 | . . . . . . . . . . . . . . 10 Kicked . | . . . . . . . . . . . . . . . Crushed . | . . . . . . . . . . . . . . . Highest Temperature 409 | . 346 . . 166 409 . . 7 . . 26 74 133 191 Average Temperature 92 | . 107 . . 57 105 . . 7 . . 13 31 34 95 Received Heat Transfer 1431 | . 240 . . 39 1053 . 9 27 . . 9 . 18 36 Effects 3 | . 1 . . . 2 . . . . . . . . . Shutdowns 2 | . . . . . 2 . . . . . . . . . Matter Decay 1 | . 1 . . . . . . . . . . . . . Siege Activations . | . . . . . . . . . . . . . . . Robots Corrupted 1 | . . . . . 1 . . . . . . . . . Combat Hostiles 1 | . . . . . 1 . . . . . . . . . Parts Fried 3 | . . . . . 1 . 2 . . . . . . . Impact Corruptions . | . . . . . . . . . . . . . . . Robots Melted . | . . . . . . . . . . . . . . . Combat Hostiles . | . . . . . . . . . . . . . . . Parts Melted 2 | . 1 . . . 1 . . . . . . . . . Heat Transferred 4164 | . 1213 . . 50 2864 . . . . . . . 37 . Parts Sabotaged . | . . . . . . . . . . . . . . . Parts Stolen . | . . . . . . . . . . . . . . . Parts Stripped . | . . . . . . . . . . . . . . . Power Chain Reactions 4 | . . . . . 3 . 1 . . . . . . . Missiles Intercepted . | . . . . . . . . . . . . . . . Alert | -11 -10 -10 -10 -9 -8 -7 -6 -5 -4 -4 -3 -2 -1 -1 ------- Run | Scr Mat Min Exi Min Mat Fac Fac Fac Fac DSF Res Res Acc Com Peak Influence 663 | . 166 64 . 233 663 317 359 175 85 59 97 54 245 223 Initial 301 | . . 64 . . 90 301 154 40 85 59 15 54 5 72 Average 169 | . 64 64 . 202 275 302 161 71 85 50 53 14 115 115 Maximum Alert Level 2 | . . . . 1 2 1 1 . . . . . 1 1 Low Security (%) 64 | 100 100 100 . 23 36 . 60 100 100 100 100 100 75 97 Level 1 29 | . . . . 76 48 100 39 . . . . . 24 2 Level 2 5 | . . . . . 15 . . . . . . . . . Level 3 . | . . . . . . . . . . . . . . . Level 4 . | . . . . . . . . . . . . . . . Level 5 . | . . . . . . . . . . . . . . . High Security . | . . . . . . . . . . . . . . . Max Security . | . . . . . . . . . . . . . . . Squads Dispatched 21 | . 3 1 . . 9 1 1 1 . 1 . . 2 2 Investigation 9 | . 2 1 . . 3 1 1 1 . . . . . . Extermination 1 | . . . . . . . . . . . . . . 1 Reinforcement 10 | . 1 . . . 5 . . . . 1 . . 2 1 Assault 1 | . . . . . 1 . . . . . . . . . Garrison . | . . . . . . . . . . . . . . . Intercept . | . . . . . . . . . . . . . . . Searches Triggered . | . . . . . . . . . . . . . . . Construction Impeded . | . . . . . . . . . . . . . . . Haulers Reinforced . | . . . . . . . . . . . . . . . Active Scanning Responses . | . . . . . . . . . . . . . . . Cargo Convoy Interrupts . | . . . . . . . . . . . . . . . Stealth | -11 -10 -10 -10 -9 -8 -7 -6 -5 -4 -4 -3 -2 -1 -1 --------- Run | Scr Mat Min Exi Min Mat Fac Fac Fac Fac DSF Res Res Acc Com Distress Signals 8 | . 3 . . . 3 . 1 . . . . . 1 . Communications Jammed . | . . . . . . . . . . . . . . . Distress Signals . | . . . . . . . . . . . . . . . Times Spotted 198 | . 29 . . 4 71 3 22 12 . 5 4 . 22 26 Peak Tracking Total 16 | . 4 . . 3 5 3 5 4 . 5 3 . 12 16 Tactical Retreats 18 | . 3 . . . 1 . 5 2 . . . . 4 3 Traps | -11 -10 -10 -10 -9 -8 -7 -6 -5 -4 -4 -3 -2 -1 -1 ------- Run | Scr Mat Min Exi Min Mat Fac Fac Fac Fac DSF Res Res Acc Com Traps Triggered 20 | . 3 . . . 6 1 2 . . . 3 . 1 4 Indirectly . | . . . . . . . . . . . . . . . Trap Hack Attempts . | . . . . . . . . . . . . . . . Triggered . | . . . . . . . . . . . . . . . Disarmed . | . . . . . . . . . . . . . . . Reprogrammed . | . . . . . . . . . . . . . . . Reused . | . . . . . . . . . . . . . . . Traps Extracted . | . . . . . . . . . . . . . . . Installed . | . . . . . . . . . . . . . . . Triggered . | . . . . . . . . . . . . . . . Machines | -11 -10 -10 -10 -9 -8 -7 -6 -5 -4 -4 -3 -2 -1 -1 ---------- Run | Scr Mat Min Exi Min Mat Fac Fac Fac Fac DSF Res Res Acc Com Machines Disabled 9 | . . . . 1 1 . 3 1 . . . . 3 . Max in Single Turn 1 | . . . . 1 1 . 1 1 . . . . 1 . Garrison Access 3 | . . . . . 1 . 1 . . . . . 1 . Machines Sabotaged . | . . . . . . . . . . . . . . . Garrisons Compromised . | . . . . . . . . . . . . . . . Overloaded Fab Kills . | . . . . . . . . . . . . . . . Hacking | -11 -10 -10 -10 -9 -8 -7 -6 -5 -4 -4 -3 -2 -1 -1 --------- Run | Scr Mat Min Exi Min Mat Fac Fac Fac Fac DSF Res Res Acc Com Machines Accessed 66 | . 8 1 4 . 16 1 13 5 1 . 4 1 9 3 Terminals 43 | . 7 . . . 10 . 9 3 1 . 3 1 6 3 Fabricators 3 | . . . . . . . 1 1 . . 1 . . . Repair Stations 4 | . . . . . 2 . . 1 . . . . 1 . Recycling Units 5 | . 1 . . . 1 1 1 . . . . . 1 . Scanalyzers 3 | . . . . . 2 . 1 . . . . . . . Garrison Access 3 | . . . . . 1 . 1 . . . . . 1 . Total Hacks 176 | . 16 1 30 . 39 1 32 20 2 . 9 4 18 4 Successful 116 | . 10 1 30 . 26 1 19 11 1 . 5 2 9 1 Failed 60 | . 6 . . . 13 . 13 9 1 . 4 2 9 3 Catastrophic 9 | . . . . . 1 . 2 3 . . 1 . 1 1 Database Lockouts . | . . . . . . . . . . . . . . . Manual 44 | . 10 . 1 . 7 . 12 6 . . 2 4 2 . Terminals 99 | . 14 . . . 22 . 23 14 2 . 7 4 9 4 Fabricators 6 | . . . . . . . 2 2 . . 2 . . . Repair Stations 14 | . . . . . 7 . . 4 . . . . 3 . Recycling Units 14 | . 2 . . . 3 1 3 . . . . . 5 . Scanalyzers 9 | . . . . . 6 . 3 . . . . . . . Garrison Access 3 | . . . . . 1 . 1 . . . . . 1 . Terminal Hacks 74 | . 7 1 30 . 9 . 11 6 1 . 3 2 3 1 Record 34 | . . . 30 . 1 . . 3 . . . . . . Part Schematic 1 | . . . . . . . 1 . . . . . . . Prototype ID Bank 6 | . 4 . . . 1 . . 1 . . . . . . Open Door 4 | . . 1 . . . . . . . . . . 3 . Open DSF 3 | . . . . . . . 2 . 1 . . . . . Level Access Points 4 | . . . . . . . 1 1 . . 1 . . 1 Branch Access Points 1 | . . . . . . . 1 . . . . . . . Emergency Access Points 1 | . . . . . . . 1 . . . . . . . Alert Level 6 | . 1 . . . 3 . 1 . . . 1 . . . Unreport Threat 7 | . . . . . 2 . 3 . . . . 2 . . Hauler Manifests 6 | . 1 . . . 2 . 1 1 . . 1 . . . Registered Components 1 | . 1 . . . . . . . . . . . . . Fabricator Hacks 5 | . . . . . . . 2 2 . . 1 . . . Load Schematic 2 | . . . . . . . 1 1 . . . . . . Build 3 | . . . . . . . 1 1 . . 1 . . . Repair Station Hacks 10 | . . . . . 6 . . 2 . . . . 2 . Scan Component 5 | . . . . . 3 . . 1 . . . . 1 . Repair 5 | . . . . . 3 . . 1 . . . . 1 . Recycling Unit Hacks 8 | . 2 . . . 2 1 1 . . . . . 2 . Process 1 | . . . . . . . . . . . . . 1 . Report Inventory 6 | . 2 . . . 1 1 1 . . . . . 1 . Retrieve Components 1 | . . . . . 1 . . . . . . . . . Scanalyzer 9 | . . . . . 6 . 3 . . . . . . . Insert Component 4 | . . . . . 3 . 1 . . . . . . . Analyze 5 | . . . . . 3 . 2 . . . . . . . Garrison Access Hacks 3 | . . . . . 1 . 1 . . . . . 1 . Seal Access 3 | . . . . . 1 . 1 . . . . . 1 . Unauthorized Hacks 7 | . 1 . . . 2 . 1 1 . . 1 . 1 . Terminals 7 | . 1 . . . 2 . 1 1 . . 1 . 1 . Botnet 5 | . . . . . 1 . 1 1 . . 1 . 1 . Operators 2 | . 1 . . . 1 . . . . . . . . . Fabricators . | . . . . . . . . . . . . . . . Repair Stations . | . . . . . . . . . . . . . . . Recycling Units . | . . . . . . . . . . . . . . . Scanalyzers . | . . . . . . . . . . . . . . . Garrison Access . | . . . . . . . . . . . . . . . Data Cores Recovered 1 | . . . . . . . . . . . . . 1 . Used . | . . . . . . . . . . . . . . . Hacking Detections 43 | . 4 . . . 14 . 9 4 . . 3 1 5 3 Full Trace Events 2 | . . . . . . . 1 1 . . . . . . Feedback Events . | . . . . . . . . . . . . . . . Feedback Blocked . | . . . . . . . . . . . . . . . Robot Schematics Acquired . | . . . . . . . . . . . . . . . Robots Built . | . . . . . . . . . . . . . . . Authchips . | . . . . . . . . . . . . . . . Time . | . . . . . . . . . . . . . . . Total Robot Build Rating . | . . . . . . . . . . . . . . . Part Schematics Acquired 4 | . . . . . 2 . 2 . . . . . . . Parts Built 3 | . . . . . . . 1 . . . 2 . . . Authchips . | . . . . . . . . . . . . . . . Time 261 | . . . . . . . 116 76 . . 69 . . . Total Part Build Rating 21 | . . . . . . . 3 . . . 18 . . . Parts Repaired 5 | . . . . . 3 . . 1 . . . . 1 . Time 177 | . . . . . 126 . . 25 . . . . 26 . Parts Recycled . | . . . . . . . . . . . . . . . Recycled Matter . | . . . . . . . . . . . . . . . Retrieved Matter . | . . . . . . . . . . . . . . . Retrieved Components 10 | . . . . . 10 . . . . . . . . . Parts Scanalyzed 4 | . . . . . 3 . 1 . . . . . . . Part Schematics Acquired 3 | . . . . . 2 . 1 . . . . . . . Parts Damaged . | . . . . . . . . . . . . . . . Bothacking | -11 -10 -10 -10 -9 -8 -7 -6 -5 -4 -4 -3 -2 -1 -1 ------------ Run | Scr Mat Min Exi Min Mat Fac Fac Fac Fac DSF Res Res Acc Com Used RIF Installer . | . . . . . . . . . . . . . . . Robots Hacked . | . . . . . . . . . . . . . . . Non-combat . | . . . . . . . . . . . . . . . Combat . | . . . . . . . . . . . . . . . Robot Hacks Applied . | . . . . . . . . . . . . . . . Relay Couplers Released . | . . . . . . . . . . . . . . . Fabnet Peak Effective % . | . . . . . . . . . . . . . . . Robots Rewired . | . . . . . . . . . . . . . . . Allies Hacked . | . . . . . . . . . . . . . . . Hacks Repelled . | . . . . . . . . . . . . . . . Allies | -11 -10 -10 -10 -9 -8 -7 -6 -5 -4 -4 -3 -2 -1 -1 -------- Run | Scr Mat Min Exi Min Mat Fac Fac Fac Fac DSF Res Res Acc Com Total Allies 5 | . . . . 2 . . 3 . . . . . . . Largest Group 3 | . . . . 2 2 . 3 . . . . . . . Highest-Rated Group 93 | . . . . 47 47 . 93 . . . . . . . Highest-Rated Ally 31 | . . . . 31 31 . 31 . . . . . . . Total Orders . | . . . . . . . . . . . . . . . Ally Attacks 9 | . . . . . 9 . . . . . . . . . Total Damage 145 | . . . . . 145 . . . . . . . . . Kills 2 | . . . . . 2 . . . . . . . . . Allies Corrupted . | . . . . . . . . . . . . . . . Allies Melted . | . . . . . . . . . . . . . . . Intel | -11 -10 -10 -10 -9 -8 -7 -6 -5 -4 -4 -3 -2 -1 -1 ------- Run | Scr Mat Min Exi Min Mat Fac Fac Fac Fac DSF Res Res Acc Com Robot Analysis Total . | . . . . . . . . . . . . . . . Derelict Logs Recovered 1 | . . . . 1 . . . . . . . . . . Drone Launches . | . . . . . . . . . . . . . . . Drone Recoveries . | . . . . . . . . . . . . . . . Exploration | -11 -10 -10 -10 -9 -8 -7 -6 -5 -4 -4 -3 -2 -1 -1 ------------- Run | Scr Mat Min Exi Min Mat Fac Fac Fac Fac DSF Res Res Acc Com Turns Passed 7897 | 107 1558 170 680 330 2733 122 745 275 13 43 137 52 584 348 Spaces Moved 7647 | 60 801 104 540 317 1570 171 1298 631 34 74 330 184 956 577 Core 691 | 6 . . . . . 1 . . . . . . 107 577 Treads 1227 | 54 801 104 268 . . . . . . . . . . . Legs 2159 | . . . 272 317 1570 . . . . . . . . . Wheels . | . . . . . . . . . . . . . . . Hover . | . . . . . . . . . . . . . . . Flight 3570 | . . . . . . 170 1298 631 34 74 330 184 849 . Fastest Speed 20 | 50 160 160 90 90 90 39 27 24 25 25 24 24 20 50 Average Speed 70 | 149 160 160 124 90 97 43 28 24 25 25 27 24 35 50 Slowest Speed 700 | 160 160 160 170 90 175 700 39 25 25 27 105 24 67 50 Overloaded Moves 17 | . . . . . . . . . . . . . 17 . Propulsion Burnouts . | . . . . . . . . . . . . . . . Robots Hopped 2 | . . . . . . . 1 . . . 1 . . . Cave-ins Triggered 1 | . . . . . 1 . . . . . . . . . Exploration Rate (%) 41 | 5 99 34 93 67 95 7 41 21 1 89 7 4 29 27 Regions Visited 14 Branch Regions 4 Pre-discovered Areas 1 | . . . 1 . . . . . . . . . . . Known Exits Taken 6 | . . . . . 1 . 1 1 1 . 1 1 . . Unknown Exits Taken 7 | 1 1 1 1 1 . 1 . . . . . . 1 . Scrap Searched 2 | . . 1 . 1 . . . . . . . . . . Spaces Dug 79 | . . . . 10 . 1 36 16 . . 2 1 13 . Terrain Destroyed 127 | . . . . 27 26 1 40 16 . . 2 1 14 . Melee 69 | . . . . . . 1 36 16 . . 2 1 13 . Projectile 2 | . . . . . 1 . . . . . . . 1 . AOE 56 | . . . . 27 25 . 4 . . . . . . . Terrain Rammed . | . . . . . . . . . . . . . . . Walls Destroyed . | . . . . . . . . . . . . . . . Machines Disabled . | . . . . . . . . . . . . . . . Actions | -11 -10 -10 -10 -9 -8 -7 -6 -5 -4 -4 -3 -2 -1 -1 --------- Run | Scr Mat Min Exi Min Mat Fac Fac Fac Fac DSF Res Res Acc Com Total 9592 | 75 993 108 546 346 2517 225 1598 726 39 99 357 189 1136 638 Wait 1173 | 4 78 . 1 17 647 12 204 58 . . 6 2 117 27 Move 7629 | 59 800 103 539 316 1569 170 1295 630 33 73 327 183 955 577 Hop 2 | . . . . . . . 1 . . . 1 . . . Pick Up 107 | 6 22 2 . . 38 6 8 8 1 7 2 1 3 3 Fast Attach 89 | 6 5 . 2 . 31 3 7 3 . 6 9 . 13 4 Attach 45 | . 1 . . . 8 11 4 6 2 1 3 2 5 2 Detach 31 | . 2 . . . 6 8 5 1 1 1 3 . 3 1 Swap 36 | . 9 1 1 2 14 . 5 1 . 1 . . 2 . Drop 135 | . 23 2 3 . 52 14 14 2 2 10 . . 8 5 Fire 226 | . 53 . . 11 152 . 8 . . . . . 2 . Melee 100 | . . . . . . 1 47 17 . . 6 1 28 . Ram 10 | . . . . . . . . . . . . . . 10 Kick . | . . . . . . . . . . . . . . . Crush . | . . . . . . . . . . . . . . . Escape Stasis 9 | . . . . . . . . . . . . . . 9 Rewire . | . . . . . . . . . . . . . . . Trap . | . . . . . . . . . . . . . . . Miscellaneous . | . . . . . . . . . . . . . . . Route ------- -11/Scrapyard -10/Materials (discovered 4 exits: [*Mat x3] / *Min) -10/Mines -10/Exiles (discovered 2 exits: [*Min x2]) -9/Mines (discovered 2 exits: *Mat x2) -8/Materials (discovered 2 exits: *Fac x2) -7/Factory -6/Factory (discovered 6 exits: *Fac x4 / *Low x2) -5/Factory (discovered 4 exits: *Fac x4) -4/Factory -4/DSF -3/Research (discovered 3 exits: *Res x3) -2/Research -1/Access -1/Command (discovered 2 exits: Sur x2) History --------- Turn | Location | Event 33 | -11/Scrapyard | Discovered new exit (range 15) 108 | -11/Scrapyard | Entered Materials 314 | -10/Materials | Build established: Mutant 529 | -10/Materials | Discovered new exit (range 16) 902 | -10/Materials | Discovered new exit (range 16) 1102 | -10/Materials | Discovered new exit (range 15) 1235 | -10/Materials | Discovered new exit (range 14) 1666 | -10/Materials | Entered Mines 1674 | -10/Mines | Met a Derelict shopkeep closing up shop 1732 | -10/Mines | Received a Rocket Launcher from a helpful Derelict 1800 | -10/Mines | Assembled infested the area 1828 | -10/Mines | Deemed a non-threat by the Exiles lab entrance 1829 | -10/Mines | Discovered new exit (range 5) 1836 | -10/Mines | Entered Exiles 1860 | -10/Exiles | Discovered new exit (range 15) 1884 | -10/Exiles | Met 8R-AWN 1910 | -10/Exiles | Met EX-HEX 2007 | -10/Exiles | Met EX-DEC 2036 | -10/Exiles | Learned location of Zion (-7) 2072 | -10/Exiles | Met EX-BIN 2096 | -10/Exiles | Aligned with FarCom system 2098 | -10/Exiles | Given EX-Vault access code 2134 | -10/Exiles | Opened EX-Vault 2198 | -10/Exiles | Warned to stay clear of 0b10 Research branches 2268 | -10/Exiles | Found Prototype Leg 2268 | -10/Exiles | Identified Potential Leg 2271 | -10/Exiles | Found Potential Leg 2344 | -10/Exiles | Visited The Gauntlet 2507 | -10/Exiles | Discovered new exit (range 12) 2516 | -10/Exiles | Left Exiles lab with Potential Leg 2516 | -10/Exiles | Entered Mines 2532 | -9/Mines | Met a Derelict bent on vengeance 2649 | -9/Mines | Learned location of 1 exit from Materials 2774 | -9/Mines | Discovered new exit (range 6) 2790 | -9/Mines | Discovered new exit (range 6) 2846 | -9/Mines | Entered Materials 2846 | -8/Materials | Accompanied by 2 allies 2846 | -8/Materials | Evolved 4 slots: Propulsion x1, Utility x3 2847 | -8/Materials | Identified exit to Factory 2851 | -8/Materials | Led the pair of lost Derelicts to an unsafe place 2931 | -8/Materials | Repaired Med. Armor Plating 3033 | -8/Materials | Crushed by falling debris 3392 | -8/Materials | Build established: Scavenger-Mutant 3804 | -8/Materials | Core integrity fell below 50% 4546 | -8/Materials | Repaired Adv. Heat Sink 4591 | -8/Materials | Repaired Hrd. Heavy Armor Plating 4674 | -8/Materials | Discovered exit to Factory (range 15) 5246 | -8/Materials | First assault squad dispatched 5311 | -8/Materials | Core integrity fell below 20% 5579 | -8/Materials | Entered Factory 5579 | -7/Factory | Evolved 2 slots: Propulsion x1, Utility x1 5667 | -7/Factory | Discovered new exit (range 8) 5701 | -7/Factory | Entered another Factory area 5701 | -6/Factory | Evolved 2 slots: Utility x2 5825 | -6/Factory | Fabricated Imp. VTOL Module (x1) 6089 | -6/Factory | Build established: Hacker-Sprinter 6288 | -6/Factory | Identified exit to Lower Caves 6288 | -6/Factory | Identified exit to Factory 6369 | -6/Factory | Allied Derelicts emerged from ambush trap array 6446 | -6/Factory | Entered another Factory area 6446 | -5/Factory | Evolved 2 slots: Propulsion x1, Utility x1 6482 | -5/Factory | Repaired Nuclear Pulse Thruster 6610 | -5/Factory | Spotted B-75 Beast 6622 | -5/Factory | Identified exit to Factory 6643 | -5/Factory | Lost 4 parts (1p1n2u) 6721 | -5/Factory | Entered another Factory area 6721 | -4/Factory | Evolved 2 slots: Power x1, Propulsion x1 6729 | -4/Factory | Identified exit to DSF 6734 | -4/Factory | Entered DSF 6767 | -4/DSF | Additional patrols routed to DSF 6770 | -4/DSF | Discovered new exit (range 15) 6777 | -4/DSF | Entered Research 6777 | -3/Research | Evolved 2 slots: Utility x1, Weapon x1 6801 | -3/Research | Lost 3 parts (1n1u1w) 6829 | -3/Research | Found Antimissile System 6847 | -3/Research | Identified exit to Research 6884 | -3/Research | Fabricated Cmb. Linear Gravjet (x2) 6914 | -3/Research | Entered another Research area 6914 | -2/Research | Evolved 2 slots: Propulsion x1, Utility x1 6917 | -2/Research | Discovered new exit (range 5) 6918 | -2/Research | Identified exit to Access 6951 | -2/Research | Spotted B-90 Cyclops 6966 | -2/Research | Entered Access 6966 | -1/Access | Evolved 2 slots: Propulsion x1, Utility x1 7055 | -1/Access | Spotted B-99 Colossus 7116 | -1/Access | Repaired Cld. Cesium-ion Thruster 7491 | -1/Access | Released all parts (12) 7521 | -1/Access | Lost 8 parts (5n2u1w) 7544 | -1/Access | Core integrity fell below 50% 7547 | -1/Access | Discovered new exit (range 7) 7550 | -1/Access | Entered Command 7684 | -1/Command | Spotted B-99 Colossus 7690 | -1/Command | Build established: Mutant 7796 | -1/Command | Identified exit to Surface 7883 | -1/Command | Spotted Executioner 7883 | -1/Command | Spotted Executioner 7883 | -1/Command | Spotted Executioner 7883 | -1/Command | Spotted Executioner 7883 | -1/Command | Spotted Striker 7883 | -1/Command | Spotted Striker 7883 | -1/Command | Spotted Alpha 7 7883 | -1/Command | Spotted Alpha 7 7886 | -1/Command | Spotted B-99 Colossus 7886 | -1/Command | Spotted B-99 Colossus 7890 | -1/Command | Core integrity fell below 20% 7894 | -1/Command | System corruption reached 10% 7898 | -1/Command | Destroyed by B-99 Colossus with Linear Accelerator Last Messages --------------- 07896_ Slug penetrates Wall. 07896_ P-80 Master resets Alpha 7, system corruption cleaned. 07897_ Knocked back. 07897_ Triggered Stasis Trap. 07897_ Penetrated by Slug. 07897_ Slug penetrates Striker. 07897_ Slug penetrates P-80 Master. 07897_ Slug penetrates Executioner. 07897_ A bubble of rippling energy engulfs the area. 07897_ Field strength at 94. 07897_ Slug penetrates Striker. 07897_ Slug penetrates Executioner. 07897_ Slug penetrates Striker. 07897_ Slug penetrates Wall. 07897_ Field strength at 79. 07897_ Penetrated by Slug. 07897_ Slug penetrates Striker. 07897_ Striker destroyed. 07898_ Field strength at 43. 07898_ Knocked back. Map ----- +----------------------------------------------------+ | #???????????# #?# "" ###### #############? | | #???????????# #?# #????# # #? | | ] #???????????# #?# #????# # #? | | #####????#+###### #######+######### # #? | | ?????????# + #? | | ##########+############## # #? | | #???????### # #? | | ######### # "T"" ############## | | # "" "" % | | "" / | | """" # % ] | | """" # BB | | "" " " ########### BB ################ | | "R" #?????????## ## #??????????????? | | """ #??????????##### #??????????????? | | ###############??????????????# #??????????????? | | ?????????????????????????????# #??????????????# | | ?????????????????????????????# #??????????????# | | ??????????##?????????????????# #? ""??????????# | | ?????????? ???????????????# # ??????###### | | ?????????? ?#?#########?# ; ????????+ + | | ??????????? # #%# # #;#?# % #?????????# # | | ?????????????" BB E 7 ###[ ####### ### # | | ?????????????" BB E %;%%p! # | | ?????????????" ^ %K /p!* # | | ??????????